 Dungeon Crawl Stone Soup version 0.16-a0-3940-gf8a207b (webtiles) character file.

8942 MDvedh the Destroyer (level 10, -4/69 HPs)
             Began as a Demigod Conjurer on Feb 7, 2015.
             Slain by a two-headed ogre
             ... wielding a cursed -3 giant club
              (18 damage)
             ... on level 10 of the Dungeon.
             The game lasted 00:40:31 (15659 turns).

MDvedh the Destroyer (Demigod Conjurer)            Turns: 15659, Time: 00:40:31

Health: -4/69      AC: 12    Str:  9    XL:     10   Next: 95%
Magic:  19/28      EV: 14    Int: 25    God:
Gold:   643        SH:  0    Dex: 18    Spells: 4 memorised, 11 levels left

rFire  . . .     SeeInvis .     s - +1 long sword (protect)
rCold  . . .     Rnd*Rage +     J - steam dragon hide
rNeg   . . .     SustAb   +     g - +2 buckler
rPois  +         Gourm    .     j - +2 helmet
rElec  .         Spirit   .     (no cloak)
rCorr  .         Warding  .     v - +0 pair of gloves
rMut   .         Stasis   .     (no boots)
MR     +....                    I - amulet of regeneration
Stlth  +.........               K - ring of loudness (curse)
                                h - ring of poison resistance

@: confused, somewhat resistant to hostile enchantments, very unstealthy
A: thin skeletal structure 1, berserk 1, shaggy fur 1, weak 1, sustain abilities
a: no special abilities


You were on level 10 of the Dungeon.
You were not hungry.

You visited 1 branch of the dungeon, and saw 11 of its levels.
You also visited: Bailey.

You collected 643 gold pieces.

Inventory:

Hand weapons
 s - a +1 long sword of protection (weapon)
 x - the +1 great sword "Frut" {vamp, MR+}
   (You took it off an orc on level 6 of the Dungeon)

   It inflicts no extra harm, but heals its wielder somewhat when it strikes a
   living foe.
   It affects your resistance to hostile enchantments.
Armour
 a - a +0 robe
 g - a +2 buckler (worn)
 j - a +2 helmet (worn)
 v - a +0 pair of gloves (worn)
 J - a steam dragon hide (worn)
Jewellery
 h - a ring of poison resistance (left hand)
 p - an uncursed amulet of stasis
 t - a -3 ring of strength
 G - an uncursed amulet of guardian spirit
 I - an amulet of regeneration (around neck)
 K - a cursed ring of loudness (right hand)
Magical devices
 k - a wand of disintegration (6)
 D - a wand of polymorph (4)
 N - a wand of polymorph (5)
Scrolls
 i - a scroll of noise
 w - a scroll of enchant weapon
 y - a scroll of magic mapping
 A - 2 scrolls of amnesia
 H - 2 scrolls of recharging
Potions
 d - 3 potions of restore abilities
 e - 6 potions of brilliance
 m - a potion of poison
 q - a potion of agility
 r - 2 potions of curing
 u - a potion of flight {unknown}
 z - a potion of beneficial mutation {unknown}
 C - 2 potions of heal wounds {unknown}
 E - 2 potions of might {unknown}
 F - a potion of berserk rage {unknown}
Books
 c - a book of Conjurations

   Spells                             Type                      Level
   a - Magic Dart                     Conjuration                  1
   b - Searing Ray                    Conjuration                  2
   c - Dazzling Spray                 Conjuration/Hexes            3
   d - Fulminant Prism                Conjuration/Hexes            4
   e - Iskenderun's Mystic Blast      Conjuration                  4
   f - Iskenderun's Battlesphere      Conjuration/Charms           5
 l - a book of the Warp

   Spells                             Type                      Level
   a - Recall                         Summoning/Translocation      3
   b - Control Teleport               Charms/Translocation         4
   c - Force Lance                    Conjuration/Translocation    4
   d - Phase Shift                    Translocation                5
   e - Warp Weapon                    Charms/Translocation         5
   f - Summon Forest                  Summoning/Translocation      5
   g - Gell's Gravitas                Hexes/Translocation          6
 o - a book of Clouds

   Spells                             Type                      Level
   a - Mephitic Cloud                 Conjuration/Poison/Air       3
   b - Conjure Flame                  Conjuration/Fire             3
   c - Poisonous Cloud                Conjuration/Poison/Air       6
   d - Freezing Cloud                 Conjuration/Ice/Air          6
   e - Ring of Flames                 Charms/Fire                  7
 B - a book of Summonings

   Spells                             Type                      Level
   a - Abjuration                     Summoning                    3
   b - Recall                         Summoning/Translocation      3
   c - Shadow Creatures               Summoning                    5
   d - Summon Demon                   Summoning                    5
   e - Summon Forest                  Summoning/Translocation      5
   f - Monstrous Menagerie            Summoning                    6
Comestibles
 b - 11 bread rations
 f - 3 beef jerkies
 O - a slice of pizza


   Skills:
 + Level 3.5 Dodging
 - Level 1.7 Stealth
 - Level 4.6 Shields
 + Level 7.3 Spellcasting
 + Level 11.2 Conjurations
 + Level 6.9 Charms


You had 11 spell levels left.
You knew the following spells:

 Your Spells              Type           Power        Failure   Level  Hunger
a - Magic Dart            Conj           ####         1%          1    None
b - Searing Ray           Conj           ######       1%          2    None
c - Iskenderun's Battles  Conj/Chrm      ######..     6%          5    #####..
f - Iskenderun's Mystic   Conj           ######..     1%          4    ###....


Dungeon Overview and Level Annotations

Branches:
Dungeon (11/15)            Temple (0/1) D:6             Orc (0/4) D:10
   Lair: D:8-11

Shops:
D:7 *   D:8 %   D:10 (


Innate Abilities, Weirdness & Mutations

Your attributes are resistant to harm.
You have a somewhat thin skeletal structure (Dex +2, Stealth).
You tend to lose your temper in combat.
You are covered in fur (AC +1).
You are weak. (Str -2)


Message History

The shadow flickers and vanishes!
Deactivating autopickup; reactivate with Ctrl-A.
Casting: Magic Dart
Confirm with . or Enter, or press ? or * to list all spells.
Aiming: Magic Dart
Press: ? - help, Shift-Dir - straight line, f - two-headed ogre
Aim: a two-headed ogre, wielding a giant club and a giant spiked club The magic dart hits the two-headed ogre.
The two-headed ogre is lightly wounded.
The two-headed ogre hits you with a giant club!
* * * LOW HITPOINT WARNING * * *
The two-headed ogre closely misses you.
Unknown command.
Drink which item? (? for menu, Esc to quit)
Okay, then.
Drink which item? (? for menu, Esc to quit)
You are confused.
You feel invigorated.
The two-headed ogre hits you with a giant club!!
You die...

#...##........##########.....#
#..............###...###)##..#
#..........#...........)......
#...###...###.................
#...# #.......................
#...# ##.####...##.....#......
##.## #.# ##............#... ###
##.#####..###...###.....
#..##.O@...##.)...).)...
##.###.###..##..[###.....
###..#...# ##....#.# #.....
#######...##J### #..###.###.#...
.....##.J....# ###>.###...#.#...
........#########...........[.)..
.[....#.#######.....<##......)..(
.................#.((...##.######
.........J...#####(#.....#.# ###


You could see a two-headed ogre and a jelly.

Vanquished Creatures
  Erolcha (D:9)
  A hill giant (D:10)
  A centaur skeleton (D:10)
  Sonja (D:10)
  3 trolls
  A wyvern (D:8)
  A spriggan (D:7)
  A deep elf mage (D:10)
  A hungry ghost (D:9)
  A steam dragon (D:10)
  A soldier ant (D:10)
  2 ice beasts
  9 orc warriors
  An eye of draining (D:11)
  The ghost of Arvee the Cudgeler, an average TrFi (D:3)
  A black bear (D:7)
  4 sky beasts
  6 ogres
  2 phantoms
  6 centaurs
  5 giant frogs
  A big kobold (D:8)
  5 scorpions
  A wyvern skeleton (D:7)
  A water moccasin zombie (D:7)
  14 killer bees
  A wight (D:7)
  5 crimson imps
  5 goliath beetles
  5 jellies
  A hound (D:4)
  6 orc priests
  3 giant frog skeletons
  A gnoll shaman (D:3)
  12 orc wizards
  6 worker ants
  An iguana (D:6)
  A killer bee zombie (D:7)
  A hound skeleton (D:4)
  A mummy (D:7)
  3 worker ant zombies
  12 adders
  19 gnolls
  2 giant mites (D:6)
  A shadow imp (D:10)
  2 worms
  3 adder skeletons
  An adder zombie (D:8)
  5 giant geckos
  2 oozes
  56 orcs
  A ball python (D:1)
  A bat zombie (D:8)
  21 goblins
  13 hobgoblins
  16 jackals
  5 quokkas
  14 bats
  8 giant cockroaches
  A giant cockroach zombie (D:5)
  A giant gecko skeleton (D:7)
  2 giant gecko zombies
  5 giant newts
  A giant spore (D:8)
  25 kobolds
  A quokka skeleton (D:5)
  14 rats
  A ballistomycete (D:8)
357 creatures vanquished.

Notes
Turn   | Place    | Note
--------------------------------------------------------------
     0 | D:1      | MDvedh, the Demigod Conjurer, began the quest for the Orb.
     0 | D:1      | Reached XP level 1. HP: 14/14 MP: 3/3
     1 | D:1      | Found a runed door.
   508 | D:1      | Reached XP level 2. HP: 11/20 MP: 0/5
   656 | D:1      | Learned a level 2 spell: Searing Ray
   768 | D:1      | Reached skill level 4 in Conjurations
  1981 | D:1      | Reached XP level 3. HP: 16/26 MP: 2/8
  3514 | D:2      | Reached XP level 4. HP: 33/33 MP: 4/11
  4173 | D:3      | Reached skill level 5 in Conjurations
  4276 | D:3      | Found a snail-covered altar of Cheibriados.
  4510 | D:3      | Reached XP level 5. HP: 38/38 MP: 1/14
  5101 | D:3      | Noticed Arvee's ghost (average TrFi)
  5129 | D:3      | Killed Arvee's ghost
  5129 | D:3      | Reached skill level 6 in Conjurations
  5129 | D:3      | Reached XP level 6. HP: 41/45 MP: 2/17
  5554 | D:4      | Found Gaworph's Armour Shop.
  6076 | D:4      | Learned a level 5 spell: Iskenderun's Battlesphere
  6365 | D:4      | Reached skill level 7 in Conjurations
  6365 | D:4      | Reached XP level 7. HP: 31/50 MP: 8/19
  6472 | D:4      | Reached skill level 1 in Charms
  7134 | D:5      | Entered Level 5 of the Dungeon
  7139 | D:5      | Found a sacrificial altar of Ru.
  7364 | D:5      | Reached skill level 8 in Conjurations
  7364 | D:5      | Reached XP level 8. HP: 19/57 MP: 6/22
  7585 | D:5      | Gained mutation: You are dopey. (Int -2) [potion of mutation]
  7585 | D:5      | Gained mutation: You have a pair of small antennae on your head. [potion of mutation]
  7590 | D:5      | Lost mutation: You have a pair of small antennae on your head. [potion of cure mutation]
  7590 | D:5      | Lost mutation: You are dopey. (Int -2) [potion of cure mutation]
  8079 | D:6      | Found a staircase to the Ecumenical Temple.
  8095 | D:6      | Reached skill level 5 in Spellcasting
  8469 | D:6      | Got a crude great sword
  8728 | D:6      | Reached skill level 1 in Shields
  9595 | D:7      | Reached skill level 9 in Conjurations
  9641 | D:7      | Identified the +1 great sword "Frut" {vamp, MR+} (You took it off an orc on level 6 of the Dungeon)
  9762 | D:7      | Reached XP level 9. HP: 50/62 MP: 14/24
  9824 | D:7      | Learned a level 4 spell: Iskenderun's Mystic Blast
 10541 | D:7      | Found Yhirgh's General Store.
 10692 | D:8      | Found Harche Zisep's Food Shoppe.
 11069 | D:8      | Found a flagged portal.
 11115 | Bailey   | Entered a bailey
 11171 | D:8      | Reached skill level 5 in Charms
 11414 | D:8      | Reached skill level 10 in Conjurations
 12676 | D:8      | Found a radiant altar of Vehumet.
 12977 | D:9      | Found a shadowy altar of Dithmenos.
 12993 | D:9      | Noticed Erolcha
 13077 | D:9      | Reached XP level 10. HP: 67/69 MP: 20/27
 13238 | D:9      | Gained mutation: You are covered in fur (AC +1). [mutagenic meat]
 13239 | D:9      | Gained mutation: You tend to lose your temper in combat. [mutagenic meat]
 13520 | D:10     | Entered Level 10 of the Dungeon
 13639 | D:10     | Noticed Sonja
 13651 | D:10     | Killed Sonja
 14289 | D:10     | Noticed a hill giant
 14295 | D:10     | Killed a hill giant
 14295 | D:10     | Reached skill level 11 in Conjurations
 14417 | D:10     | Found a staircase to the Orcish Mines.
 14417 | D:10     | Found Qaba's Weapon Shoppe.
 15478 | D:9      | Found a glowing golden altar of the Shining One.
 15504 | D:9      | Killed Erolcha
 15509 | D:9      | Gained mutation: You have a somewhat thin skeletal structure (Dex +2, Stealth). [mutagenic meat]
 15510 | D:9      | Gained mutation: You are weak. (Str -2) [mutagenic meat]
 15659 | D:10     | Slain by a two-headed ogre

Action                   |  1- 3 |  4- 6 |  7- 9 | 10-12 || total
-------------------------+-------+-------+-------+-------++-------
Melee: Unarmed           |    59 |     1 |     5 |       ||    65
       Long sword        |       |       |    59 |    15 ||    74
       Great sword       |       |       |     4 |       ||     4
 Cast: Magic Dart        |   139 |   130 |   410 |   156 ||   835
       Searing Ray       |     1 |    15 |    48 |    15 ||    79
       Iskenderun's Myst |       |       |     1 |    28 ||    29
       Iskenderun's Batt |       |       |       |     2 ||     2
Evoke: Wand              |       |       |       |     3 ||     3
  Use: Scroll            |     2 |       |    15 |     2 ||    19
       Potion            |       |       |     3 |     1 ||     4
  Eat: Chunk             |     8 |     9 |    15 |    15 ||    47
       Pizza             |       |       |     2 |       ||     2
       Fruit             |       |       |     2 |       ||     2
       Meat ration       |       |       |     1 |     1 ||     2
       Beef jerky        |       |       |       |     1 ||     1
